TOP OF THE 1ST |
Bismarck Barons batting - Pitching for Menlo Maniacs : RHP Carlos Rodríguez
|
Pitching: RHP Carlos Rodríguez
|
|
Batting: RHB José Ruíz
|
0-0: Called Strike 0-1: Swinging Strike 0-2: SINGLE (Line Drive, 8LS)
|
Batting: SHB José Gonzáles
|
0-0: Ball 1-0: Ball 2-0: Ball 3-0: Base on Balls José Ruíz to second
|
Batting: RHB Jason Stover
|
0-0: Ball 1-0: Ball 2-0: SINGLE (Groundball, 56D) José Ruíz to third José Gonzáles to second
|
Batting: RHB Jon Krohne
|
0-0: DOUBLE (Line Drive, 8LD) José Ruíz scores José Gonzáles scores Jason Stover to third Runner from 3rd tries for Home, SAFE, no throw
|
Batting: RHB Rich Henley
|
0-0: Called Strike 0-1: Ball 1-1: Swinging Strike 1-2: Strikes out swinging
|
Batting: LHB Earl Wigfall
|
0-0: Ball 1-0: Ball 2-0: Swinging Strike 2-1: Called Strike 2-2: Ball 3-2: SINGLE (Groundball, 3D) Jon Krohne to third Runner from 3rd tries for Home, SAFE, throw made home
|
Batting: LHB Jorge Fernández
|
0-0: Called Strike 0-1: Fly out, F8 (Flyball, 8RS)
|
Batting: RHB Dave Anderson
|
0-0: Swinging Strike 0-1: Ball 1-1: Ball 2-1: Ball 3-1: Base on Balls Earl Wigfall to second
|
Batting: RHB Félix Trevino
|
0-0: Ball 1-0: Ball 2-0: Foul Ball, location: 2F 2-1: Ball 3-1: Base on Balls Earl Wigfall to third Dave Anderson to second
|
Batting: RHB José Ruíz
|
0-0: Called Strike 0-1: Ball 1-1: Ground out U3 (Groundball, 3L)
|
Top of the 1st over - 4 run(s), 4 hit(s), 0 error(s), 3 left on base; Bismarck 4 - Menlo 0 |
BOTTOM OF THE 1ST |
Menlo Maniacs batting - Pitching for Bismarck Barons : RHP Robinson Alomar
|
Pitching: RHP Robinson Alomar
|
|
Batting: SHB Ryan Holcomb
|
0-0: Ground out U3 (Groundball, 34)
|
Batting: RHB Gilberto León
|
0-0: Ball 1-0: Ball 2-0: Ball 3-0: Called Strike 3-1: Called Strike 3-2: Base on Balls
|
Batting: LHB Tim Ramsey
|
0-0: Fielders Choice at 2nd, 4-6 (Groundball, 34)
|
Batting: LHB Frank Young
|
0-0: Ball 1-0: Ball Tim Ramsey steals 2nd base 2-0: SINGLE (Line Drive, 78S) Tim Ramsey to third
|
Batting: RHB Jason Blair
|
0-0: Swinging Strike 0-1: SINGLE (Groundball, 56D) Tim Ramsey scores Frank Young to second
|
Batting: LHB Dave Lee
|
0-0: Foul Ball, location: 2F 0-1: Fielders Choice at 2nd, 4-6 (Groundball, 4)
|
Bottom of the 1st over - 1 run(s), 2 hit(s), 0 error(s), 1 left on base; Bismarck 4 - Menlo 1 |
TOP OF THE 2ND |
Bismarck Barons batting - Pitching for Menlo Maniacs : RHP Carlos Rodríguez
|
Batting: SHB José Gonzáles
|
0-0: Called Strike 0-1: Fly out, F9 (Flyball, 89S)
|
Batting: RHB Jason Stover
|
0-0: Foul Ball, location: 2F 0-1: Ball 1-1: Swinging Strike 1-2: Fly out, F9 (Flyball, 9S)
|
Batting: RHB Jon Krohne
|
0-0: Ball 1-0: Foul Ball, location: 2F 1-1: Foul Ball, location: 2F 1-2: Foul Ball, location: 2F 1-2: Ground out 5-3 (Groundball, 56)
|
Top of the 2nd over - 0 run(s), 0 hit(s), 0 error(s), 0 left on base; Bismarck 4 - Menlo 1 |
BOTTOM OF THE 2ND |
Menlo Maniacs batting - Pitching for Bismarck Barons : RHP Robinson Alomar
|
Batting: LHB Robby Lawson
|
0-0: Foul Ball, location: 2F 0-1: Ball 1-1: Swinging Strike 1-2: Ball 2-2: Ball 3-2: SINGLE (Flyball, 9S)
|
Batting: RHB Clinton Barton
|
0-0: Called Strike 0-1: SINGLE (Groundball, 34D) Robby Lawson to second Runner from 2nd tries for 3rd, SAFE, throw made to third
|
Batting: LHB Bernardo Rodríguez
|
0-0: Foul Ball, location: 2F 0-1: Swinging Strike 0-2: Ball 1-2: Fly out, F3 (Popup, 3L)
|
Batting: SHB Ryan Holcomb
|
0-0: Grounds into double play, 5-4-3 (Groundball, 56)
|
Bottom of the 2nd over - 0 run(s), 2 hit(s), 0 error(s), 1 left on base; Bismarck 4 - Menlo 1 |
TOP OF THE 3RD |
Bismarck Barons batting - Pitching for Menlo Maniacs : RHP Carlos Rodríguez
|
Batting: RHB Rich Henley
|
0-0: Ground out 5-3 (Groundball, 56S)
|
Batting: LHB Earl Wigfall
|
0-0: Ball 1-0: Ground out 6-3 (Groundball, 6M)
|
Batting: LHB Jorge Fernández
|
0-0: Foul Ball, location: 2F 0-1: Foul Ball, location: 2F 0-2: Ball 1-2: Ground out 5-3 (Groundball, 56S)
|
Top of the 3rd over - 0 run(s), 0 hit(s), 0 error(s), 0 left on base; Bismarck 4 - Menlo 1 |
BOTTOM OF THE 3RD |
Menlo Maniacs batting - Pitching for Bismarck Barons : RHP Robinson Alomar
|
Batting: RHB Gilberto León
|
0-0: Ball 1-0: Called Strike 1-1: Ball 2-1: Ball 3-1: Base on Balls
|
Batting: LHB Tim Ramsey
|
0-0: Ball 1-0: Foul Ball, location: 2F 1-1: Foul Ball, location: 2F 1-2: Ball 2-2: Ball 3-2: SINGLE (Flyball, 8RS) Gilberto León to second
|
Batting: LHB Frank Young
|
0-0: Ball 1-0: Ball 2-0: Called Strike 2-1: Ball 3-1: Base on Balls Gilberto León to third Tim Ramsey to second
|
Batting: RHB Jason Blair
|
0-0: Called Strike 0-1: Ball 1-1: SINGLE (Line Drive, 34D) Gilberto León scores Tim Ramsey to third Frank Young to second
|
Batting: LHB Dave Lee
|
0-0: Ball 1-0: Ground out 6-3 (Groundball, 6S) Tim Ramsey scores Frank Young to third Jason Blair to second
|
Batting: LHB Robby Lawson
|
0-0: Ball 1-0: Called Strike 1-1: Foul Ball, location: 2F 1-2: Strikes out swinging
|
Batting: RHB Clinton Barton
|
0-0: Ball 1-0: Foul Ball, location: 2F 1-1: Ball 2-1: Ball 3-1: Base on Balls
|
Batting: LHB Bernardo Rodríguez
|
0-0: Ball 1-0: Ball 2-0: Foul Ball, location: 2F 2-1: Foul Ball, location: 2F 2-2: Ball 3-2: Base on Balls Frank Young scores Jason Blair to third Clinton Barton to second
|
Batting: SHB Ryan Holcomb
|
0-0: Ball 1-0: Foul Ball, location: 2F 1-1: Ball 2-1: Foul Ball, location: 2F 2-2: Fielders Choice at 2nd, 5-4 (Groundball, 56)
|
Bottom of the 3rd over - 3 run(s), 2 hit(s), 0 error(s), 2 left on base; Bismarck 4 - Menlo 4 |
TOP OF THE 4TH |
Bismarck Barons batting - Pitching for Menlo Maniacs : RHP Carlos Rodríguez
|
Batting: RHB Dave Anderson
|
0-0: Ball 1-0: Foul Ball, location: 2F 1-1: Ball 2-1: Swinging Strike 2-2: Strikes out swinging
|
Batting: RHB Félix Trevino
|
0-0: Swinging Strike 0-1: Fly out, F9 (Flyball, 9S)
|
Batting: RHB José Ruíz
|
0-0: Ball 1-0: Ball 2-0: Foul Ball, location: 2F 2-1: Ball 3-1: Base on Balls
|
Batting: SHB José Gonzáles
|
0-0: Swinging Strike 0-1: Called Strike 0-2: Ball 1-2: Ball 2-2: Fly out, F8 (Flyball, 8LS)
|
Top of the 4th over - 0 run(s), 0 hit(s), 0 error(s), 1 left on base; Bismarck 4 - Menlo 4 |
BOTTOM OF THE 4TH |
Menlo Maniacs batting - Pitching for Bismarck Barons : RHP Robinson Alomar
|
Batting: RHB Gilberto León
|
0-0: Ball 1-0: Ball 2-0: Called Strike 2-1: Foul Ball, location: 2F 2-2: Strikes out swinging
|
Batting: LHB Tim Ramsey
|
0-0: Ball 1-0: Ball 2-0: Swinging Strike 2-1: Foul Ball, location: 2F 2-2: Foul Ball, location: 2F 2-2: SINGLE (Groundball, 34D) (infield hit)
|
Batting: LHB Frank Young
|
0-0: Ball Tim Ramsey steals 2nd base 1-0: Ball 2-0: Ball 3-0: Base on Balls
|
Batting: RHB Jason Blair
|
0-0: Called Strike 0-1: Ball 1-1: Ball 2-1: Foul Ball, location: 2F 2-2: Strikes out swinging
|
Batting: LHB Dave Lee
|
0-0: Ground out 5-3 (Groundball, 56)
|
Bottom of the 4th over - 0 run(s), 1 hit(s), 0 error(s), 2 left on base; Bismarck 4 - Menlo 4 |
TOP OF THE 5TH |
Bismarck Barons batting - Pitching for Menlo Maniacs : RHP Carlos Rodríguez
|
Batting: RHB Jason Stover
|
0-0: Ball 1-0: Called Strike 1-1: Ball 2-1: SINGLE (Flyball, 89M)
|
Batting: RHB Jon Krohne
|
0-0: Ball 1-0: Swinging Strike 1-1: Called Strike 1-2: SINGLE (Groundball, 56D) Jason Stover to second
|
Batting: RHB Rich Henley
|
0-0: Ball 1-0: Swinging Strike 1-1: Foul Ball, location: 2F 1-2: Foul Ball, location: 2F 1-2: Ground out 5-3 (Groundball, 56S) Jason Stover to third Jon Krohne to second
|
Batting: LHB Earl Wigfall
|
0-0: Fly out, F9 (Flyball, 89S)
|
Batting: LHB Jorge Fernández
|
0-0: Ball 1-0: Fly out, F8 (Flyball, 8LS)
|
Top of the 5th over - 0 run(s), 2 hit(s), 0 error(s), 2 left on base; Bismarck 4 - Menlo 4 |
BOTTOM OF THE 5TH |
Menlo Maniacs batting - Pitching for Bismarck Barons : RHP Robinson Alomar
|
Batting: LHB Robby Lawson
|
0-0: Swinging Strike 0-1: Ball 1-1: Foul Ball, location: 2F 1-2: Ground out 4-3 (Groundball, 4)
|
Batting: RHB Clinton Barton
|
0-0: Ball 1-0: Ground out 5-3 (Groundball, 56S)
|
Batting: LHB Bernardo Rodríguez
|
0-0: Called Strike 0-1: Fly out, F7 (Line Drive, 7)
|
Bottom of the 5th over - 0 run(s), 0 hit(s), 0 error(s), 0 left on base; Bismarck 4 - Menlo 4 |
TOP OF THE 6TH |
Bismarck Barons batting - Pitching for Menlo Maniacs : RHP Carlos Rodríguez
|
Batting: RHB Dave Anderson
|
0-0: Ball 1-0: Foul Ball, location: 2F 1-1: Ball 2-1: Called Strike 2-2: Ball 3-2: Strikes out swinging
|
Batting: RHB Félix Trevino
|
0-0: Foul Ball, location: 2F 0-1: Ball 1-1: Called Strike 1-2: Ball 2-2: Ground out 5-3 (Groundball, 56S)
|
Batting: RHB José Ruíz
|
0-0: Ball 1-0: Ball 2-0: Foul Ball, location: 2F 2-1: Fly out, F7 (Flyball, 7LMF)
|
Top of the 6th over - 0 run(s), 0 hit(s), 0 error(s), 0 left on base; Bismarck 4 - Menlo 4 |
BOTTOM OF THE 6TH |
Menlo Maniacs batting - Pitching for Bismarck Barons : RHP Robinson Alomar
|
Pitching: RHP Wilson Molina
|
|
Batting: SHB Ryan Holcomb
|
0-0: Called Strike 0-1: Ball 1-1: Called Strike 1-2: Ball 2-2: Foul Ball, location: 2F 2-2: Ball 3-2: Foul Ball, location: 2F 3-2: Foul Ball, location: 2F 3-2: SINGLE (Groundball, 56D)
|
Batting: RHB Gilberto León
|
0-0: Ball 1-0: Called Strike 1-1: Called Strike 1-2: Hit by Pitch Ryan Holcomb to second
|
Batting: LHB Tim Ramsey
|
0-0: Ball 1-0: Foul Ball, location: 2F 1-1: Ball 2-1: Ball 3-1: Foul Ball, location: 2F 3-2: Fly out, F4 (Popup, 34D)
|
Batting: LHB Frank Young
|
0-0: Called Strike 0-1: Fly out, F7 (Line Drive, 7S)
|
Batting: RHB Jason Blair
|
0-0: Ball 1-0: Ball 2-0: SINGLE (Groundball, 34D) Ryan Holcomb to third Gilberto León to second Runner from 3rd tries for Home, SAFE, no throw
|
Batting: LHB Dave Lee
|
0-0: Foul Ball, location: 2F 0-1: Ball 1-1: Swinging Strike 1-2: Foul Ball, location: 2F 1-2: Foul Ball, location: 2F 1-2: Foul Ball, location: 2F 1-2: Ball 2-2: Foul Ball, location: 2F 2-2: Ball 3-2: Base on Balls Gilberto León to third Jason Blair to second
|
Batting: LHB Robby Lawson
|
0-0: Ball 1-0: Fly out, F7 (Flyball, 7D)
|
Bottom of the 6th over - 1 run(s), 2 hit(s), 0 error(s), 3 left on base; Bismarck 4 - Menlo 5 |
TOP OF THE 7TH |
Bismarck Barons batting - Pitching for Menlo Maniacs : RHP Carlos Rodríguez
|
Pitching: RHP José Ramírez
|
|
Batting: SHB José Gonzáles
|
0-0: Called Strike 0-1: Ball 1-1: Foul Ball, location: 2F 1-2: Ball 2-2: Ball 3-2: Foul Ball, location: 2F 3-2: Foul Ball, location: 2F 3-2: Foul Ball, location: 2F 3-2: Foul Ball, location: 2F 3-2: Ground out 4-3 (Groundball, 4M)
|
Batting: RHB Jason Stover
|
0-0: Ball 1-0: Called Strike 1-1: Fly out, F8 (Flyball, 8LM)
|
Batting: RHB Jon Krohne
|
0-0: Swinging Strike 0-1: Foul Ball, location: 2F 0-2: Ball 1-2: Ball 2-2: SINGLE (Groundball, 56D)
|
Pinch Runner at 1st Pancho Torres:
|
|
Batting: RHB Rich Henley
|
0-0: Called Strike 0-1: Ball 1-1: Swinging Strike 1-2: DOUBLE (Flyball, 89D) Pancho Torres to third Runner from 3rd tries for Home, throw and OUT!
|
Top of the 7th over - 0 run(s), 2 hit(s), 0 error(s), 1 left on base; Bismarck 4 - Menlo 5 |
BOTTOM OF THE 7TH |
Menlo Maniacs batting - Pitching for Bismarck Barons : RHP Wilson Molina
|
Batting: RHB Clinton Barton
|
0-0: Ball 1-0: Called Strike 1-1: Swinging Strike 1-2: Strikes out swinging
|
Pitching: LHP Charlie Conner
|
|
Batting: LHB Bernardo Rodríguez
|
0-0: Foul Ball, location: 2F 0-1: Ball 1-1: SOLO HOME RUN (Flyball, 9D), Distance : 387 ft
|
Pitching: LHP Kevin Andrews
|
|
Batting: SHB Ryan Holcomb
|
0-0: Called Strike 0-1: Ball 1-1: Ball 2-1: Ball 3-1: Foul Ball, location: 2F 3-2: Foul Ball, location: 2F 3-2: Base on Balls
|
Batting: RHB Gilberto León
|
0-0: Called Strike 0-1: Called Strike 0-2: Foul Ball, location: 2F 0-2: Ball 1-2: Foul Ball, location: 2F 1-2: DOUBLE (Line Drive, 8RM) Ryan Holcomb to third Runner from 3rd tries for Home, SAFE, no throw
|
Batting: LHB Tim Ramsey
|
0-0: Foul Ball, location: 2F 0-1: DOUBLE (Line Drive, 89D) Gilberto León scores
|
Batting: LHB Frank Young
|
0-0: Fly out, F5 (Popup, 5S)
|
Batting: RHB Jason Blair
|
0-0: Ball 1-0: Fly out, F9 (Flyball, 9LM)
|
Bottom of the 7th over - 3 run(s), 3 hit(s), 0 error(s), 1 left on base; Bismarck 4 - Menlo 8 |
TOP OF THE 8TH |
Bismarck Barons batting - Pitching for Menlo Maniacs : RHP José Ramírez
|
Batting: LHB Earl Wigfall
|
0-0: Ball 1-0: Ball 2-0: Fly out, F9 (Flyball, 9)
|
Batting: LHB Jorge Fernández
|
0-0: Ball 1-0: Called Strike 1-1: Swinging Strike 1-2: Strikes out swinging
|
Batting: RHB Dave Anderson
|
0-0: Ball 1-0: DOUBLE (Groundball, 3L)
|
Batting: RHB Félix Trevino
|
0-0: Called Strike 0-1: Swinging Strike 0-2: Ball 1-2: Ball 2-2: DOUBLE (Line Drive, 89M) Dave Anderson scores
|
Pitching: LHP Joe Jenkins
|
|
Batting: RHB José Ruíz
|
0-0: Foul Ball, location: 2F 0-1: Foul Ball, location: 2F 0-2: Strikes out swinging
|
Top of the 8th over - 1 run(s), 2 hit(s), 0 error(s), 1 left on base; Bismarck 5 - Menlo 8 |
BOTTOM OF THE 8TH |
Menlo Maniacs batting - Pitching for Bismarck Barons : LHP Kevin Andrews
|
Batting: LHB Dave Lee
|
0-0: Called Strike 0-1: Foul Ball, location: 2F 0-2: Strikes out looking
|
Batting: LHB Robby Lawson
|
0-0: Called Strike 0-1: Called Strike 0-2: Ball 1-2: Ball 2-2: Strikes out looking
|
Batting: RHB Clinton Barton
|
0-0: Called Strike 0-1: Called Strike 0-2: Ball 1-2: Strikes out swinging
|
Bottom of the 8th over - 0 run(s), 0 hit(s), 0 error(s), 0 left on base; Bismarck 5 - Menlo 8 |
TOP OF THE 9TH |
Bismarck Barons batting - Pitching for Menlo Maniacs : LHP Joe Jenkins
|
Pitching: RHP Fernando Valdés
|
|
Batting: SHB José Gonzáles
|
0-0: Ball 1-0: Called Strike 1-1: Ball 2-1: Ball 3-1: Base on Balls
|
Batting: RHB Jason Stover
|
0-0: Ball 1-0: Fielders Choice at 2nd, 5-4 (Groundball, 6)
|
Now at 2B: Miguel González
|
|
Batting: RHB Pancho Torres
|
0-0: SINGLE (Line Drive, 4MD) Jason Stover to second
|
Pinch Hitting: LHB Jesús Bueno
|
0-0: SINGLE (Line Drive, 89S) Jason Stover to third Pancho Torres to second Runner from 3rd tries for Home, SAFE, no throw
|
Batting: LHB Earl Wigfall
|
0-0: Ball 1-0: Called Strike 1-1: Ball 2-1: Foul Ball, location: 2F 2-2: 3-RUN HOME RUN (Flyball, 89XD), Distance : 418 ft
|
Pitching: RHP Brad Small
|
|
Batting: LHB Jorge Fernández
|
0-0: Called Strike 0-1: Ball 1-1: Foul Ball, location: 2F 1-2: Ground out 4-3 (Groundball, 4)
|
Batting: RHB Dave Anderson
|
0-0: Swinging Strike 0-1: Ball 1-1: Swinging Strike 1-2: Strikes out swinging
|
Top of the 9th over - 4 run(s), 3 hit(s), 0 error(s), 0 left on base; Bismarck 9 - Menlo 8 |
BOTTOM OF THE 9TH |
Menlo Maniacs batting - Pitching for Bismarck Barons : LHP Kevin Andrews
|
Pitching: RHP Ignacio Beltrán
|
|
Now at SS: Francisco Fernández
|
|
Now in LF: Pedro García
|
|
Batting: LHB Bernardo Rodríguez
|
0-0: Ball 1-0: Ball 2-0: Called Strike 2-1: Foul Ball, location: 2F 2-2: Ball 3-2: Strikes out swinging
|
Batting: SHB Ryan Holcomb
|
0-0: Foul Ball, location: 2F 0-1: Foul Ball, location: 2F 0-2: Foul Ball, location: 2F 0-2: Ball 1-2: Ball 2-2: SINGLE (Groundball, 56) (infield hit)
|
Batting: RHB Gilberto León
|
0-0: Ball 1-0: Ball 2-0: Called Strike 2-1: Foul Ball, location: 2F 2-2: Ball 3-2: Grounds into double play, 5-4-3 (Groundball, 56)
|
Bottom of the 9th over - 0 run(s), 1 hit(s), 0 error(s), 0 left on base; Bismarck 9 - Menlo 8 |
|